 Seeded DCSS version 0.31-a0-774-g0d66cbabe8 (webtiles) character file.

Game seed: 8 (custom seed)

12 Psyclone the Stinger (level 2, -3/17 HPs)
             Began as an Octopode Venom Mage on Sept 17, 2023.
             Slain by a worm (10 damage)
             ... on level 2 of the Dungeon.
             The game lasted 00:01:16 (903 turns).

Psyclone the Stinger (Octopode Venom Mage)           Turns: 903, Time: 00:01:16

Health: -3/17      AC:  1    Str:  7    XL:     2   Next: 33%
Magic:  5/5        EV: 13    Int: 17    God:
Gold:   81         SH:  0    Dex: 12    Spells: 4/5 levels left

rFire   . . .        i - +0 rapier
rCold   . . .        (no shield)
rNeg    . . .        (helmet restricted)
rPois   .            (no amulet)
rElec   .            (no ring)
rCorr   .            (no ring)
SInv    .            (no ring)
Will    .....        (no ring)
Stlth   +++          (no ring)
HPRegen 0.22/turn    (no ring)
MPRegen 0.09/turn    (no ring)
                     (no ring)

%: no passive effects
@: no status effects
A: almost no armour, amphibious, 8 rings, camouflage 1, gelatinous body 1,
(nimble swimmer 1), tentacles
a: no special abilities


You were on level 2 of the Dungeon.
You visited 1 branch of the dungeon, and saw 2 of its levels.

You collected 81 gold pieces.

Inventory:

Hand Weapons
 i - a +0 rapier (weapon)
Scrolls
 c - a scroll of identify {unknown}
 f - a scroll of amnesia {unknown}
 g - 2 scrolls of enchant armour {unknown}
 h - 3 scrolls of fog {unknown}
 j - a scroll of teleportation {unknown}
Potions
 a - 2 potions of magic
 b - a potion of resistance {unknown}
 d - a potion of lignification {unknown}
 e - a potion of cancellation {unknown}


   Skills:
 - Level 2.0 Dodging
 - Level 2.7 Stealth
 - Level 2.0 Spellcasting
 - Level 1.0 Transmutations
 + Level 4.4 Poison Magic


You had 4 spell levels left.
You knew the following spells:

 Your Spells              Type           Power      Damage    Failure   Level
a - Sting                 Tmut/Pois      44%        1d5       6%          1

Your spell library contained the following spells:

 Spells                   Type           Power      Damage    Failure   Level
 Poisonous Vapours        Pois/Air       18%        N/A       12%         2
 Mephitic Cloud           Conj/Pois/Air  6%         N/A       32%         3
 Olgreb's Toxic Radiance  Pois           16%        N/A       32%         4


Dungeon Overview and Level Annotations

Branches:
Dungeon (2/15) Zot: 11092

Altars:


Innate Abilities, Weirdness & Mutations

You cannot wear most types of armour.
You are amphibious.
You can wear up to eight rings at the same time.
Your skin changes colour to match your surroundings (Stealth+).
Your rubbery body absorbs attacks. (AC +1, EV +1)
((You are camouflaged when in or above water. (Stealth+)))
You have tentacles for arms and can constrict up to eight enemies at once.


Message History

You constrict the ball python.
You kill the ball python!
A bat comes into view.
Found an escape hatch in the floor.
You see here 4 gold pieces.
Found a stone staircase leading down.
A goblin and a ball python come into view.
The helpless bat fails to defend itself.
You puncture the bat!
You kill the bat!
The ball python hisses angrily.
You see here a bat corpse.
You hit the ball python but do no damage.
You grab the ball python. You squeeze the ball python.
You kill the ball python!
Found a leather armour.
The goblin shouts!
A worm comes into view.
The goblin barely misses you.
You barely miss the goblin. You grab the goblin. You constrict the goblin.
The goblin barely misses you.
You hit the worm. Your grab misses the worm.
The worm is lightly wounded.
You constrict the goblin. The goblin misses you.
You hit the goblin.
You kill the goblin!
The worm closely misses you.
You hit the worm. You grab the worm.
The worm is lightly wounded.
You constrict the worm. The worm bites you!
Ouch! That really hurt!
You take 11 damage, and have 6/17 hp.
MASSIVE DAMAGE!!
You hit the worm.
The worm is moderately wounded.
You constrict the worm. You hit the worm.
The worm is heavily wounded.
You constrict the worm. The worm bites you!
Ouch! That really hurt!
You die...

#....##.#......# #..
#....##.#......###
#..
#....##.#.........
#...
#....##...........
.[...
#.††........†.....
.....##.....#$..#.##
..
..........###.....#
.. ...##w...#
#.?...###. .
#.@..###.....#..
#>)###....<...#.#
.....
.....#+#.#.####
...##.#
..[##.#...†....# ##
#. .>.+..#...#.##.#
#+##.. ####...###
..... #......#
......#......#
......#...####


You could see a worm.

Vanquished Creatures
  A bat (D:2)
  An endoplasm (D:1)
  A giant cockroach (D:1)
  2 goblins
  3 ball pythons
  2 frilled lizards
  3 rats
13 creatures vanquished.

Notes
Turn   | Place    | Note
-------+----------+-------------------------------------------
     0 | D:1      | Psyclone the Octopode Venom Mage began the quest for the
                  | Orb.
     0 | D:1      | Reached XP level 1. HP: 11/11 MP: 3/3
   496 | D:1      | Reached skill level 4 in Poison Magic
   524 | D:1      | Reached XP level 2. HP: 14/17 MP: 5/5
   903 | D:2      | Slain by a worm

Illustrated notes

Levels and vault maps discovered:
D:1:      dpeg_arrival_boxes_within_box, layout_basic
D:2:      layout_basic

Skill      XL: |  1 |
---------------+----+-----
Poison Magic   | 4 |  4.4
Dodging        | |  2.0
Stealth        | |  2.7
Spellcasting   | |  2.0
Transmutations | |  1.0

Action                     || total
---------------------------++-------
  Melee: Rapier            ||    20
         Constrict         ||     6
         Unarmed           ||     2
         Tentacles         ||     2
   Cast: Sting             ||     5
   Stab: Sleeping          ||     3
 Armour: Skin              ||     7
  Dodge: Dodged            ||    15

Table legend: (Time is in decaauts)
 A = Elapsed time spent in this place.
 B = Non-inter-level travel time spent in this place.
 C = Inter-level travel time spent in this place.
 D = Time resting spent in this place.
 E = Time spent auto-exploring this place.
 F = Levels seen in this place.
 G = Mean time per level.
                   A        B        C        D        E       F      G
               +--------+--------+--------+--------+--------+-----+--------+
         Total |    906 |    894 |     12 |      0 |    774 |   2 |  453.0 |
       Dungeon |    906 |    894 |     12 |      0 |    774 |   2 |  453.0 |
               +--------+--------+--------+--------+--------+-----+--------+

Top non-repeatable levels by time:
     D:1: 857 daAuts
     D:2: 48 daAuts
